Map: Void Launch

Players

NamroodTuo

  • Race: Terran Terran
  • Spawn Location: 6:00

nerazim

  • Race: Protoss Protoss
  • Spawn Location: 6:00

VOD

Have the link to the VOD?

Description

Time

  • Played on: Feb. 23, 2023, 6:43 a.m.
  • Length: 24:10
Show
View Real Time Build Order
Export as new Build Order

NamroodTuo Terran 

Build Orders:  

Get SALT Encoding   

  12  0:01  SCV  
  13  0:17  SCV  
  14  0:29  SCV  
  14  0:33  Supply Depot  
  15  0:55  SCV  
  16  1:03  Supply Depot  
  16  1:07  SCV  
  17  1:19  SCV  
  17  1:26  Factory  
  18  1:31  SCV  
  19  1:52  SCV  
  20  2:04  SCV  
  20  2:09  Perdition Turret  
  21  2:15  SCV  
  22  2:25  Refinery  
  22  2:27  SCV  
  22  2:28  Refinery  
  23  2:39  SCV  
  24  2:51  SCV  
  25  3:03  SCV  
  26  3:10  Perdition Turret  
  26  3:15  SCV  
  27  3:20  Perdition Turret  
  27  3:29  Perdition Turret  
  27  3:32  Devastation Turret  
  27  3:34  Perdition Turret x2  
  27  3:41  SCV  
  28  3:52  SCV  
  29  4:04  SCV  
  30  4:16  SCV  
  31  4:22  Armory  
  31  4:30  Engineering Bay  
  31  4:45  Upgrade Laser Drill Level 1  
  31  4:47  Supply Depot  
  31  4:52  Supply Depot  
  31  5:05  SCV  
  32  5:29  Advanced Optics  
  32  5:38  Perdition Turret x2  
  32  5:40  Fire-Suppression Systems, Perdition Turret  
  32  5:41  Perdition Turret  
  32  5:44  Perdition Turret  
  32  6:01  Spinning Dizzy  
  32  6:12  Spinning Dizzy  
  32  6:24  Command Center  
  32  6:35  Perdition Turret  
  32  6:39  Perdition Turret  
  32  6:41  Upgrade Laser Drill Level 2  
  32  7:00  Supply Depot  
  32  7:05  Supply Depot  
  32  7:06  Terran Vehicle and Ship Weapons Level 1  
  32  7:17  Regenerative Bio-Steel  
  32  7:54  Spinning Dizzy  
  32  7:55  Spinning Dizzy  
  32  7:59  Spinning Dizzy  
  32  8:18  Perdition Turret  
  32  8:19  Perdition Turret  
  32  8:27  Perdition Turret  
  32  8:42  Devastation Turret  
  32  8:54  Devastation Turret  
  32  9:09  SCV  
  32  9:10  SCV  
  32  9:12  SCV  
  34  9:21  SCV  
  34  9:23  SCV  
  34  9:25  Terran Vehicle And Ship Armor Level 1  
  34  9:27  SCV  
  38  9:54  SCV  
  39  10:06  SCV  
  40  10:33  Terran Vehicle and Ship Weapons Level 2  
  40  10:37  Starport  
  40  10:56  SCV  
  41  11:05  Refinery  
  41  11:07  Refinery  
  41  11:08  SCV  
  42  11:20  SCV  
  43  11:32  SCV  
  43  11:33  Starport  
  43  11:35  Starport Tech Reactor  
  43  11:36  Starport  
  43  11:38  SCV  
  44  11:44  SCV  
  46  11:50  SCV  
  47  12:02  SCV  
  47  12:09  Starport Tech Reactor  
  48  12:14  SCV  
  49  12:20  Starport Tech Reactor  
  49  12:26  SCV  
  50  12:30  Starport  
  50  12:34  Science Vessel x2  
  50  12:36  Wraith x2  
  50  12:37  Science Vessel  
  60  12:51  Wraith x2  
  60  13:00  Supply Depot  
  60  13:03  Pulse Amplifier  
  60  13:04  Supply Depot  
  60  13:05  Supply Depot  
  60  13:13  SCV, Displacement Field  
  60  13:15  SCV  
  60  13:17  SCV  
  60  13:19  SCV  
  65  13:22  SCV  
  67  13:33  Supply Depot  
  67  13:34  Supply Depot  
  67  13:36  Supply Depot x2  
  69  13:44  Terran Vehicle And Ship Armor Level 2  
  69  14:02  Starport Tech Reactor  
  69  14:08  Supply Depot  
  69  14:24  Supply Depot  
  69  14:27  Supply Depot  
  69  14:29  Supply Depot  
  69  14:38  Science Vessel x2  
  69  14:40  Wraith  
  75  14:53  SCV  
  76  15:01  Supply Depot  
  76  15:02  Science Vessel  
  76  15:03  Wraith x2  
  76  15:04  Supply Depot  
  76  15:05  Supply Depot  
  76  15:06  Terran Vehicle and Ship Weapons Level 3  
  82  15:21  Wraith  
  82  15:22  Wraith x2  
  88  16:11  Defensive Matrix  
  88  16:36  Improved Nano-Repair  
  88  16:41  Science Vessel x4  
  88  16:46  Wraith x2  
  88  16:47  Wraith x2  
  90  16:54  Science Vessel  
  90  16:55  Wraith x4  
  90  16:56  Wraith  
  90  16:59  Science Vessel  
  104  17:01  Wraith, Supply Depot  
  104  17:02  Wraith  
  104  17:11  Perdition Turret x2  
  104  17:12  Perdition Turret  
  104  17:17  Supply Depot  
  114  17:35  Supply Depot  
  122  17:56  Terran Vehicle And Ship Armor Level 3  
  122  18:04  Wraith  
  124  18:36  Wraith  
  124  18:37  Wraith x4  
  124  18:38  Wraith  
  136  18:58  Wraith x2  
  140  19:11  Wraith  
  142  20:04  Science Vessel  
  142  20:07  Wraith  
  142  20:12  Science Vessel x2  
  142  20:13  Wraith  
  142  20:14  Wraith x3  
  158  20:48  Wraith  
Show
View Real Time Build Order
Export as new Build Order

nerazim Protoss 

Build Orders:  

Get SALT Encoding   

  12  0:01  Probe (Chrono Boost)  
  13  0:13  Probe (Chrono Boost)  
  14  0:28  Probe (Chrono Boost)  
  15  1:15  Nexus  
  15  1:28  Pylon  
  15  1:29  Probe (Chrono Boost)  
  15  1:32  Assimilator  
  16  1:41  Probe (Chrono Boost)  
  17  1:52  Gateway  
  17  1:56  Probe (Chrono Boost)  
  18  2:08  Assimilator  
  18  2:09  Probe (Chrono Boost)  
  19  2:29  Probe (Chrono Boost)  
  19  2:31  Pylon  
  20  2:41  Probe (Chrono Boost)  
  20  2:43  Solar Efficiency Level 1  
  21  2:53  Sentinel  
  23  3:11  Cybernetics Core  
  23  3:15  Probe (Chrono Boost)  
  24  3:20  Probe (Chrono Boost)  
  24  3:22  Solar Efficiency Level 2  
  25  3:36  Probe x2 (Chrono Boost)  
  27  3:48  Probe x2 (Chrono Boost)  
  29  4:03  Twilight Council  
  29  4:11  Stargate  
  29  4:13  Probe (Chrono Boost)  
  29  4:15  Probe (Chrono Boost)  
  31  4:26  Probe (Chrono Boost)  
  31  4:27  Probe (Chrono Boost)  
  32  4:32  Solar Flare  
  32  4:33  Assimilator  
  33  4:43  Assimilator  
  33  4:44  Probe x2 (Chrono Boost)  
  35  4:59  Probe (Chrono Boost)  
  35  5:02  Probe (Chrono Boost)  
  35  5:05  Probe (Chrono Boost)  
  35  5:08  Probe (Chrono Boost)  
  35  5:18  Probe (Chrono Boost)  
  40  5:31  Probe (Chrono Boost), Pylon  
  40  5:34  Probe (Chrono Boost)  
  42  5:59  Probe (Chrono Boost)  
  42  6:02  Probe (Chrono Boost)  
  44  6:11  Probe (Chrono Boost)  
  44  6:16  Probe (Chrono Boost), Fleet Beacon  
  44  6:18  Stargate  
  46  6:21  Stargate  
  46  6:24  Probe (Chrono Boost)  
  47  6:31  Probe (Chrono Boost)  
  47  6:36  Probe (Chrono Boost)  
  49  6:42  Pylon, Solar Efficiency Level 3  
  49  6:46  Probe (Chrono Boost)  
  49  6:47  Shield Battery  
  49  6:48  Probe (Chrono Boost)  
  50  6:56  Carrier  
  51  7:01  Probe (Chrono Boost)  
  51  7:04  Stargate  
  51  7:08  Pylon  
  52  7:12  Carrier  
  52  7:17  Pylon  
  52  7:30  Carrier x2  
  52  7:38  Carrier  
  76  9:10  Pylon  
  76  9:19  Pylon  
  82  9:21  Pylon  
  82  9:22  Pylon  
  82  9:25  Pylon, Phase Detonation  
  82  9:27  Carrier x2  
  82  9:34  Pylon  
  82  9:37  Pylon  
  82  9:38  Pylon  
  82  10:00  Unknown  
  94  10:30  Pylon x2  
  94  10:31  Carrier x2  
  94  10:33  Shield Battery x2  
  94  10:41  Protoss Air Weapons Level 1  
  104  11:10  Repair Drones  
  104  11:16  Advanced Repair Systems  
  104  11:28  Carrier x2  
  104  11:38  Carrier  
  104  11:41  Carrier  
  104  11:44  Pylon  
  104  11:45  Carrier x2  
  104  11:46  Pylon  
  104  11:49  Shield Battery  
  104  11:52  Shield Battery  
  116  12:27  Pylon  
  116  12:29  Pylon  
  116  12:32  Forge  
  116  12:41  Pylon x2  
  116  12:44  Shield Battery  
  116  12:46  Unknown, Shield Battery  
  122  12:53  Shield Battery  
  122  12:54  Protoss Shields Level 1  
  122  12:56  Shield Battery  
  82  13:30  Protoss Air Weapons Level 2  
  140  13:34  Carrier  
  146  14:22  Carrier  
  146  14:31  Protoss Shields Level 2  
  146  14:41  Carrier  
  158  15:03  Carrier  
  158  15:06  Carrier  
  158  15:16  Protoss Air Weapons Level 3  
  164  15:36  Carrier  
  164  15:40  Carrier  
  164  15:44  Carrier  
  170  16:04  Carrier  
  188  17:10  Carrier  
  194  17:44  Protoss Shields Level 3  
  200  18:35  Protoss Air Armor Level 1  
  200  18:36  Rapid Recharging  
  200  19:35  Protoss Air Armor Level 2  
  200  19:50  Enhanced Targeting  
  200  21:40  Fortification Barrier  
  200  22:30  Anion Pulse-Crystals  
Tags
 
Commander
KaraxSwann
Matchup
Co-op
Replay Pack
Multiplayer
Add a new tag
Caveats
  • Supply blocks, unpowered buildings, or Contaminate may cause inaccurate times.
  • Supply counts are checked every 10 seconds.